 Dungeon Crawl Stone Soup version 0.29-a0-422-gafbd6decc1 (webtiles) character file.

Game seed: 882636948732471654

95 xian the Conjurer (level 4, -1/33 HPs)
             Began as a Draconian Conjurer on May 19, 2022.
             Slain by an orc wizard
             ... wielding a +0 dagger
              (3 damage)
             ... on level 3 of the Dungeon.
             The game lasted 00:04:33 (2380 turns).

xian the Conjurer (Draconian Conjurer)              Turns: 2380, Time: 00:04:34

Health: -1/33      AC:  5    Str:  9    XL:     4   Next: 39%
Magic:  1/8        EV: 16    Int: 20    God:
Gold:   140        SH:  0    Dex: 10    Spells: 5/8 levels left

rFire   . . .      SeeInvis .   d - +0 dagger
rCold   . . .      Faith    .   (no shield)
rNeg    . . .      Spirit   .   (body armour unavailable)
rPois   .          Reflect  .   (helmet restricted)
rElec   .          Harm     .   (no cloak)
rCorr   .          Rampage  .   (no gloves)
Will    .....                   (no boots)
Stlth   ++........              (no amulet)
HPRegen 0.11/turn               h - +4 ring of evasion
MPRegen 0.11/turn               (no ring)

@: no status effects
A: AC +5, unfitting armour, cold-blooded
a: no special abilities


You were on level 3 of the Dungeon.
You visited 1 branch of the dungeon, and saw 3 of its levels.

You collected 140 gold pieces.

Inventory:

Hand Weapons
 d - a +0 dagger (weapon)
Jewellery
 h - a +4 ring of evasion (left hand)
Scrolls
 f - a scroll of identify
 i - a scroll of silence {unknown}
 j - a scroll of immolation {unknown}
Potions
 a - a potion of magic
 b - a potion of curing {unknown}
 c - a potion of heal wounds {unknown}
 e - a potion of flight {unknown}
 g - 3 potions of brilliance
 k - 3 potions of lignification {unknown}


   Skills:
 + Level 1.9 Dodging
 + Level 2.3 Stealth
 + Level 0.4 Unarmed Combat
 + Level 2.9 Spellcasting
 + Level 4.9 Conjurations


You had 5 spell levels left.
You knew the following spells:

 Your Spells              Type           Power      Damage    Failure   Level
a - Magic Dart            Conj           88%        1d7       1%          1
b - Searing Ray           Conj           44%        2d6       2%          2

Your spell library contained the following spells:

 Spells                   Type           Power      Damage    Failure   Level
 Dazzling Flash           Conj/Hex       24%        N/A       16%         3
 Fulminant Prism          Conj/Hex       6%         3d7       45%         4
 Iskenderun's Mystic Bla  Conj/Tloc      12%        2d5       45%         4


Dungeon Overview and Level Annotations

Branches:
Dungeon (3/15)

Altars:


Innate Abilities, Weirdness & Mutations

Your plain brown scales are hard. (AC +5)
You cannot fit into any form of body armour.
You are cold-blooded and may be slowed by cold attacks.


Message History

You kill the orc priest!
Something completely misses you.
You have reached level 4!
You feel agile. Something barely misses you.
The searing ray hits something.
You finish channelling your searing ray.
Something hits you but does no damage.
Casting: Searing Ray (safe; 2% risk of failure)
Confirm with . or Enter, or press ? or * to list all spells.
You can't see any susceptible monsters within range! (Use Z to cast anyway.)
Casting: Searing Ray (safe; 2% risk of failure)
Confirm with . or Enter, or press ? or * to list all spells.
You can't see any susceptible monsters within range! (Use Z to cast anyway.)
Casting: Searing Ray (safe; 2% risk of failure)
Confirm with . or Enter, or press ? or * to list all spells.
Aiming: Searing Ray (safe; 2% risk of failure)
Press: ? - help, Shift-Dir - straight line The searing ray hits something. (Press . to maintain the ray.)
Something hits you.
Unknown command.
You closely miss something. Something hits you.
* * * LOW HITPOINT WARNING * * *
Something hits you but does no damage.
You closely miss something. Something hits you but does no damage.
Something completely misses you.
You closely miss something. Something hits you but does no damage.
Something hits you.
* * * LOW HITPOINT WARNING * * *
You miss something. Something hits you but does no damage.
Something closely misses you.
You closely miss something. Something hits you.
* * * LOW HITPOINT WARNING * * *
Something barely misses you.
As you read the scroll labelled QUWOUTEXTIM, it crumbles to dust.
It is a scroll of identify.
g - 3 potions of brilliance Something hits you.
You die...

#.# #....##.# #.### ♣.♣.###
.# #######.# #...# .♣. .# #.#
#.#.# .# #.## #.# #.#.# .†.##
#.. ..#.# #.#.#### ### ###.#
## #........ ..# #.##.##
........# #.########.#...##
...####.# #.##.{@.o)......#
.### #.# #.##.#####.#.......
.# #.# #.##.#####.#....... .#
#.# #.##.......#.#.....
.######.###.##.#######.#.8...
...............# .# ..o.
.###.##.#####...# .# .o.
.###.##.####..#..# .# o..
#............###..)#


You could see an orc.

Vanquished Creatures
  An orc priest (D:3)
  An adder (D:3)
  3 dart slugs
  6 ball pythons
  6 bats
  2 endoplasms (D:1)
  4 giant cockroaches
  3 goblins
  5 hobgoblins
  3 jackals (D:2)
  4 quokkas
  2 frilled lizards
  3 kobolds (D:2)
  4 rats
47 creatures vanquished.

Notes
Turn   | Place    | Note
-------+----------+-------------------------------------------
     0 | D:1      | xian the Draconian Conjurer began the quest for the Orb.
     0 | D:1      | Reached XP level 1. HP: 14/14 MP: 3/3
   417 | D:1      | Reached XP level 2. HP: 18/20 MP: 0/5
   537 | D:1      | Found a faded altar of an unknown god.
   538 | D:1      | Noticed an eye of devastation
   551 | D:1      | Noticed a shining eye
   551 | D:1      | Noticed a golden eye
   551 | D:1      | Noticed a great orb of eyes
  1157 | D:2      | Reached XP level 3. HP: 26/26 MP: 3/6
  2224 | D:3      | Learned a level 2 spell: Searing Ray
  2372 | D:3      | Reached XP level 4. HP: 13/33 MP: 4/8
  2380 | D:3      | Slain by an orc wizard

Illustrated notes

Levels and vault maps discovered:
D:1:      lightli_arrival_boilingwater, layout_basic,
          hellmonk_ecumenical_altar_watching_god, minmay_hexomino_p4
D:2:      layout_loops_ring
D:3:      cheibrodos_pilgrimage, layout_loops_ring, serial_forest,
          infiniplex_forest_straight_2, infiniplex_forest_straight_5,
          infiniplex_forest_straight_3, infiniplex_forest_end_3,
          infiniplex_forest_zigzag_1, infiniplex_forest_pool,
          infiniplex_forest_join, infiniplex_forest_straight_2,
          infiniplex_forest_lined_room_3

Skill      XL: |  1  2 |
---------------+-------+-----
Stealth        | 2 |  2.3
Dodging        | |  1.9
Unarmed Combat | |  0.4
Spellcasting   | |  2.9
Conjurations   | |  4.9

Action                   |  1- 3 |  4- 6 || total
-------------------------+-------+-------++-------
Melee: Unarmed           |     4 |       ||     4
       Dagger            |     7 |     5 ||    12
       Tailslap          |     2 |       ||     2
 Cast: Magic Dart        |    85 |       ||    85
       Searing Ray       |     1 |     1 ||     2
  Use: Scroll            |       |     1 ||     1
Armor: Skin              |     6 |     5 ||    11
Dodge: Dodged            |    16 |     4 ||    20

Table legend: (Time is in decaauts)
 A = Elapsed time spent in this place.
 B = Non-inter-level travel time spent in this place.
 C = Inter-level travel time spent in this place.
 D = Time resting spent in this place.
 E = Time spent auto-exploring this place.
 F = Levels seen in this place.
 G = Mean time per level.
                   A        B        C        D        E       F      G
               +--------+--------+--------+--------+--------+-----+--------+
         Total |   2381 |   2381 |      0 |      0 |   2075 |   3 |  793.7 |
       Dungeon |   2381 |   2381 |      0 |      0 |   2075 |   3 |  793.7 |
               +--------+--------+--------+--------+--------+-----+--------+

Top non-repeatable levels by time:
     D:1: 1020 daAuts
     D:2: 940 daAuts
     D:3: 419 daAuts
